 Dungeon Crawl Stone Soup version 0.25-a0-589-g1e14c549ee (console) character file.

Game seed: 5360550260451752972, levelgen mode: classic

16 Duffy the Skirmisher (level 2, -1/28 HPs)
             Began as a Naga Fighter on Mar 12, 2020.
             Was an Initiate of the Shining One.
             Slain by an adder (4 damage)
             ... on level 2 of the Dungeon.
             The game lasted 00:00:46 (950 turns).

Duffy the Skirmisher (Naga Fighter)                  Turns: 950, Time: 00:00:47

Health: -1/28      AC:  7    Str: 18    XL:     2   Next: 54%
Magic:  2/2        EV:  1    Int:  8    God:    the Shining One [......]
Gold:   51         SH:  8    Dex: 10    Spells: 1/1 levels left

rFire    . . .     SeeInvis +   a - +0 war axe
rCold    . . .     Gourm    .   c - +0 kite shield
rNeg     . . .     Faith    .   g - +0 plate armour
rPois    +         Spirit   .   (no helmet)
rElec    .         Reflect  .   (no cloak)
rCorr    .         Harm     .   e - +0 pair of gloves
MR       .....                  (no barding)
Stlth    ..........             (no amulet)
HPRegen  0.09/turn              (no ring)
MPRegen  0.08/turn              (no ring)

@: lethally poisoned (-1 -> -8), glowing, very slow
A: large, see invisible, deformed body, poison resistance, slowness 2, slow
metabolism 1, spit poison 1, AC +0
a: Spit Poison, Renounce Religion


You were on level 2 of the Dungeon.
You worshipped the Shining One.
The Shining One was noncommittal.
You were not hungry.

You visited 1 branch of the dungeon, and saw 2 of its levels.

You collected 51 gold pieces.

Inventory:

Hand Weapons
 a - a +0 war axe (weapon)
Armour
 c - a +0 kite shield (worn)
 e - a +0 pair of gloves (worn)
 g - a +0 plate armour (worn)
Scrolls
 h - a scroll of enchant weapon {unknown}
 j - a scroll of remove curse {unknown}
 k - a scroll of identify {unknown}
Potions
 d - a potion of might
Comestibles
 b - 2 chunks of flesh
 f - 3 rations


   Skills:
 - Level 3.0 Fighting
 - Level 2.4 Axes
 + Level 2.5 Armour
 - Level 2.7 Shields


You had one spell level left.
You didn't know any spells.
Your spell library was empty.

Dungeon Overview and Level Annotations

Branches:
Dungeon (2/15)

Altars:
The Shining One


Innate Abilities, Weirdness & Mutations

You cannot wear boots.
Your serpentine skin is tough. (AC +0)
You have supernaturally acute eyesight. (SInv)
Armour fits poorly on your strangely shaped body.
Your system is resistant to poisons. (rPois)
You cover ground very slowly.
You have a slow metabolism.
You can spit poison.


Message History

You miss the adder.
The adder is almost dead.
You feel sick. You block the adder's attack.
The adder bites you but does no damage.
Press: ? - help, Shift-Dir - straight line, f - adder
Aim: an adder (almost dead)
The splash of poison misses the adder.
You feel slightly more hungry.
You feel sick. You block the adder's attack.
You miss the adder.
The adder is almost dead.
You feel sick.
The adder bites you but does no damage. x2
Okay, then.
You closely miss the adder.
The adder is almost dead.
You have got your breath back.
You feel sick. You block the adder's attack. x2
Your plate armour prevents you from hitting the adder.
The adder is almost dead.
You feel sick. The adder bites you.
You die...

#.....................
#.########......#####.
####.# ######.....#
.....# #.......#..#
#########.#######..#
#........# #..#
#.########## #..#
##.##.......# #..#
......#####.# #@.#
##.#### #...#
#S....... #.# #.#.#
##.#####. #.# #...# .#
#.# ##.## .# ... #.#
.. ### #.# ## #.# #.#


You could see an adder.

Vanquished Creatures
  A leopard gecko (D:2)
  A bat (D:1)
  A giant cockroach (D:1)
  A goblin (D:1)
  A hobgoblin (D:1)
  4 kobolds
  A frilled lizard (D:1)
  3 rats
13 creatures vanquished.

Notes
Turn   | Place    | Note
-------+----------+-------------------------------------------
     0 | D:1      | Duffy the Naga Fighter began the quest for the Orb.
     0 | D:1      | Reached XP level 1. HP: 21/21 MP: 1/1
   165 | D:1      | Reached XP level 2. HP: 25/28 MP: 2/2
   279 | D:1      | Found a glowing golden altar of the Shining One.
   373 | D:1      | Became a worshipper of the Shining One
   950 | D:2      | Slain by an adder

Levels and vault maps discovered:
D:1:      dpeg_arrival_oval, layout_basic, tso_altar
D:2:      layout_loops_ring

Action                   || total
-------------------------++-------
Melee: War axe           ||    51
 Abil: Spit Poison       ||     1
Armor: Scale mail        ||    14
       Plate armour      ||    13
       Chain mail        ||     5
Dodge: Dodged            ||     8
Block: Kite shield       ||    35

Table legend:
 A = Non-vault XP
 B = Vault XP
 C = Vault XP percentage of total XP
 D = Non-vault monster count
 E = Vault monster count
 F = Vault count percentage of total count
                 A         B        C        D         E       F
            +---------+---------+-------+---------+---------+-------
      Total |      23 |       0 |   0.0 |      13 |       0 |   0.0
            +---------+---------+-------+---------+---------+-------
        D:1 |      17 |       0 |   0.0 |      10 |       0 |   0.0
        D:2 |       6 |       0 |   0.0 |       3 |       0 |   0.0
            +---------+---------+-------+---------+---------+-------
